 Dungeon Crawl Stone Soup version 0.22.1-1-ga44c0e56f4 (webtiles) character file.

221 Jynx the Changer (level 5, 0/33 HPs)
             Began as an Octopode Transmuter on Oct 24, 2018.
             Splashed by a jelly's acid (5 damage)
             ... on level 2 of the Dungeon.
             The game lasted 00:03:38 (1792 turns).

Jynx the Changer (Octopode Transmuter)              Turns: 1792, Time: 00:03:40

Health: 0/33       AC: -6    Str: 10    XL:     5   Next: 98%
Magic:  9/10       EV: 20    Int: 15    God:
Gold:   42         SH:  5    Dex: 21    Spells: 4/10 levels left

rFire    . . .     SeeInvis .     - Unarmed
rCold    . . .     Gourm    .   (shield currently unavailable)
rNeg     . . .     Faith    .   (helmet currently unavailable)
rPois    x         Spirit   .   n - +5 amulet of reflection
rElec    .         Reflect  +   d - ring of stealth
rCorr    .         Harm     .   q - +3 ring of dexterity
MR       .....                  (no ring)
Stlth    +++.......             (no ring)
HPRegen  0.11/turn              (no ring)
MPRegen  0.12/turn              (no ring)
                                (no ring)
                                (no ring)

@: spider-form (expiring), corroded
A: tiny, almost no armour, stealthy swim, (amphibious), 8 rings, (constrict 8)
a: End Transformation


You were on level 2 of the Dungeon.
You were not hungry.
You were a venomous arachnid creature.
You visited 1 branch of the dungeon, and saw 2 of its levels.

You collected 42 gold pieces.

Inventory:

Missiles
 a - 12 arrows
Jewellery
 d - a ring of stealth (left front leg)
 f - an uncursed amulet of faith
 n - a +5 amulet of reflection (around neck)
 q - a +3 ring of dexterity (right front leg)
Scrolls
 e - a scroll of remove curse
 j - 2 scrolls of amnesia
 k - a scroll of blinking {unknown}
 l - 2 scrolls of magic mapping {unknown}
 p - a scroll of teleportation {unknown}
Potions
 g - a potion of invisibility {unknown}
 h - 2 potions of heal wounds {unknown}
 i - a potion of degeneration {unknown}
 m - a potion of berserk rage {unknown}
 o - 2 potions of haste {unknown}
 r - a potion of resistance {unknown}
Comestibles
 b - a chunk of flesh
 c - 2 rations


   Skills:
 - Level 1.0 Fighting
 - Level 2.0 Dodging
 - Level 3.0 Unarmed Combat
 + Level 3.4 Spellcasting
 * Level 5.0 Transmutations


You had 4 spell levels left.
You knew the following spells:

 Your Spells              Type           Power        Failure   Level  Hunger
a - Beastly Appendage     Tmut           ###...       9%          1    None
b - Sticks to Snakes      Tmut           ###.....     12%         2    ##.....
c - Spider Form           Tmut/Pois      ##........   41%         3    ###....

Your spell library contained the following spells:

 Spells                   Type           Power        Failure   Level  Hunger
 Ice Form                 Ice/Tmut       ##......     77%         4    ####...
 Blade Hands              Tmut           ###.......   75%         5    ######.


Dungeon Overview and Level Annotations

Branches:
Dungeon (2/15)

Altars:
Xom


Innate Abilities, Weirdness & Mutations

You cannot wear most types of armour.
You are very stealthy in the water. (Stealth+)
((You are amphibious.))
You can wear up to eight rings at the same time.
((You can use your tentacles to constrict eight enemies at once.))
((Your skin changes colour to match your surroundings (Stealth+).))
((Your rubbery body absorbs attacks. (AC +1, EV +1)))


Message History

You hit the jelly.
Your front legs burn!
The jelly is moderately wounded.
You hit the jelly but do no damage. The acid corrodes you!
Your front legs burn!
The jelly is moderately wounded.
The jelly misses you.
You hit the jelly.
Your front legs burn!
The jelly is heavily wounded.
The jelly completely misses you.
You hit the jelly but do no damage.
Your front legs burn!
The jelly is heavily wounded.
The jelly hits you. The acid corrodes you!
You are splashed with acid!
The acid burns!
You hit the jelly.
The jelly is poisoned.
Your front legs burn!
* * * LOW HITPOINT WARNING * * *
The jelly is almost dead.
The jelly hits you.
* * * LOW HITPOINT WARNING * * *
The acid corrodes you!
You are splashed with acid!
The acid burns!
You die...

.#.....>.###.####
....####.# #.#
.........###.#
##........##.# #######
#.######.##.# #########
##.# .##.##.####.....###
...##...#.##.###..._...##
..†<.......... #.......#
...##...#.# #s##'##+##
#..# .## #J##.# J#
#..######>
..##+##†##+#####
#.........
...............#
#.########
.#..........##. #.#
#..........# #.#
########.#.## #.# #....#
..## #)#..# #


You could see a jelly.

Vanquished Creatures
  Sigmund (D:2)
  A bullfrog skeleton (D:2)
  A dart slug (D:1)
  A leopard gecko (D:2)
  A ball python (D:2)
  3 giant cockroaches
  9 goblins
  4 hobgoblins
  An iguana (D:2)
  6 kobolds
  2 quokkas (D:2)
  11 bats
  3 frilled lizards (D:1)
  6 rats
50 creatures vanquished.

Notes
Turn   | Place    | Note
-------+----------+-------------------------------------------
     0 | D:1      | Jynx the Octopode Transmuter began the quest for the Orb.
     0 | D:1      | Reached XP level 1. HP: 13/13 MP: 3/3
    41 | D:1      | Reached XP level 2. HP: 18/18 MP: 3/5
   411 | D:1      | Reached skill level 3 in Transmutations
   567 | D:1      | Reached XP level 3. HP: 19/23 MP: 4/6
  1098 | D:2      | Found a faded altar of an unknown god.
  1312 | D:2      | Learned a level 2 spell: Sticks to Snakes
  1316 | D:2      | Learned a level 3 spell: Spider Form
  1351 | D:2      | Noticed Sigmund
  1368 | D:2      | Killed Sigmund
  1368 | D:2      | Reached skill level 4 in Transmutations
  1368 | D:2      | Reached XP level 4. HP: 28/28 MP: 5/9
  1368 | D:2      | Reached XP level 5. HP: 33/33 MP: 5/10
  1639 | D:2      | Reached skill level 5 in Transmutations
  1780 | D:2      | Found a shimmering altar of Xom.
  1792 | D:2      | Splashed by a jelly's acid

Skill      XL: |  1  2  3  4  5 |
---------------+----------------+-----
Transmutations | 3 4 5 |  5.0
Spellcasting   | 3 |  3.4
Fighting       | |  1.0
Dodging        | |  2.0
Unarmed Combat | |  3.0

Action                   |  1- 3 |  4- 6 || total
-------------------------+-------+-------++-------
Melee: Unarmed           |    80 |    23 ||   103
       Constrict         |    22 |     1 ||    23
       Kick              |    15 |     4 ||    19
       Tentacles         |     5 |       ||     5
 Cast: Beastly Appendage |    17 |     2 ||    19
       Spider Form       |     1 |     1 ||     2
  Use: Scroll            |     4 |       ||     4
 Stab: Sleeping          |    13 |     2 ||    15
       Distracted        |     1 |       ||     1
  Eat: Chunk             |     1 |     2 ||     3
Armor: Skin              |     5 |       ||     5
Dodge: Dodged            |    53 |     7 ||    60
Block: Other             |     6 |     7 ||    13
       Reflection        |     1 |       ||     1
